 Dungeon Crawl Stone Soup version 0.27-a0-1065-ge809cff456 (webtiles) character file.

Game seed: 4369334683203529553

15 BritishOli the Sneak (level 2, -5/24 HPs)
             Began as a Demonspawn Delver on Apr 22, 2021.
             Slain by a river rat (6 damage)
             ... in a sewer.
             The game lasted 00:01:31 (173 turns).

BritishOli the Sneak (Demonspawn Delver)             Turns: 173, Time: 00:01:32

Health: -5/24      AC:  4    Str: 12    XL:     2   Next: 34%
Magic:  2/2        EV: 12    Int: 11    God:
Gold:   0          SH:  0    Dex: 14    Spells: 1/1 levels left

rFire    . . .     SeeInvis .   a - +0 falchion
rCold    . . .     Faith    .   (no shield)
rNeg     . . .     Spirit   .   b - +0 leather armour
rPois    .         Reflect  .   d - +0 helmet
rElec    .         Harm     .   (no cloak)
rCorr    .         Rampage  .   (no gloves)
Will     .....                  (no boots)
Stlth    ++........             (no amulet)
HPRegen  0.08/turn              (no ring)
MPRegen  0.16/turn              (no ring)

@: no status effects
A: magic regeneration
a: no special abilities


You were in a sewer.
You visited 1 branch of the dungeon, and saw 3 of its levels.
You also visited: Sewer.

Inventory:

Hand Weapons
 a - a +0 falchion (weapon)
Armour
 b - a +0 leather armour (worn)
 d - a +0 helmet (worn)
Wands
 g - a wand of digging (3)
Scrolls
 c - a scroll of fog
 e - a scroll of fear
Potions
 f - a potion of haste


   Skills:
 + Level 3.1 Fighting
 * Level 2.2 Long Blades
 + Level 0.5 Armour
 + Level 2.0 Dodging
 - Level 4.5 Stealth


You had one spell level left.
You didn't know any spells.
Your spell library was empty.

Dungeon Overview and Level Annotations

Branches:
Dungeon (5/15)              Sewer (1/1)
 Temple: D:4-7

Altars:


Innate Abilities, Weirdness & Mutations

You regenerate magic rapidly.


Message History

The river rat is almost dead.
The river rat misses you.
You riposte.
You closely miss the river rat.
The river rat is almost dead.
You hit the river rat but do no damage.
The river rat is almost dead.
The river rat bites you.
You closely miss the river rat.
The river rat is almost dead.
The river rat bites you.
* * * LOW HITPOINT WARNING * * *
You are too injured to fight recklessly!
You are too injured to fight recklessly!
You closely miss the river rat.
The river rat is almost dead.
The river rat barely misses you.
You riposte.
You hit the river rat.
You kill the river rat!
Your Dodging skill increases to level 2!
You have reached level 2!
Your demonic ancestry asserts itself...
Your magic begins to regenerate rapidly.
You enter the shallow water.
Moving in this stuff is going to be slow.
Things that are here:
a rat corpse; a rat corpse You hear the slow rusting of a drain.
There is a glowing drain here.
The world spins around you as you enter the gateway.
You enter a sewer! 3 rats and 2 river rats come into view.
Found a gate leading back out of this place.
There is an empty arch of ancient stone here.
There is a gate leading back out of this place here.
The river rat bites you.
* * * LOW HITPOINT WARNING * * *
You hit the river rat.
The river rat is lightly wounded.
The river rat bites you.
* * * LOW HITPOINT WARNING * * *
The river rat bites you.
You die... ############### ≈..r.rr∩.∩@rr.# ###############

You could see 2 river rats and 3 rats.

Vanquished Creatures
  A river rat (D:3)
  A giant cockroach (D:3)
  A goblin (D:3)
  2 kobolds
  2 rats (D:3)
7 creatures vanquished.

Notes
Turn   | Place    | Note
-------+----------+-------------------------------------------
     0 | D:5      | BritishOli the Demonspawn Delver began the quest for the
                  | Orb.
     0 | D:5      | Reached XP level 1. HP: 18/18 MP: 1/1
    31 | D:4      | Noticed a jelly
    33 | D:4      | Noticed a hound
   134 | D:3      | Found a glowing drain.
   163 | D:3      | Gained mutation: You regenerate magic rapidly. [demonic
                  | ancestry]
   163 | D:3      | Reached XP level 2. HP: 7/24 MP: 2/2
   169 | Sewer    | Entered a sewer
   173 | Sewer    | HP: 1/24 [river rat (6)]
   173 | Sewer    | Slain by a river rat

Illustrated notes

Levels and vault maps discovered:
D:3:      layout_loops_cross, portal_sewer_entry_c, minmay_misc_feat_diagonals,
          uniq_ijyb, uniq_grinder, uniq_terence, uniq_jessica
D:4:      layout_basic, minmay_fractal_squares_5
D:5:      layout_rooms, solitary_fountain, kennysheep_opposing_triangles
Sewer:    sewer_kobolds

Skill      XL: |  1 |
---------------+----+-----
Long Blades    | 2 |  2.2
Dodging        | 2 |  2.0
Fighting       | |  3.1
Armour         | |  0.5
Stealth        | |  4.5

Action                   || total
-------------------------++-------
Melee: Falchion          ||    22
  Use: Scroll            ||     1
Armor: Leather armour    ||     2
Dodge: Dodged            ||    17
       Rpst.: Falchion   ||     9

Table legend: (Time is in decaauts)
 A = Elapsed time spent in this place.
 B = Non-inter-level travel time spent in this place.
 C = Inter-level travel time spent in this place.
 D = Time resting spent in this place.
 E = Time spent auto-exploring this place.
 F = Levels seen in this place.
 G = Mean time per level.
                   A        B        C        D        E       F      G
               +--------+--------+--------+--------+--------+-----+--------+
         Total |    179 |    137 |     42 |      0 |     11 |   4 |   44.8 |
       Dungeon |    175 |    133 |     42 |      0 |     11 |   3 |   58.3 |
         Sewer |      3 |      3 |      0 |      0 |      0 |   1 |    3.0 |
               +--------+--------+--------+--------+--------+-----+--------+

Top non-repeatable levels by time:
     D:3: 104 daAuts
     D:4: 40 daAuts
     D:5: 31 daAuts
   Sewer: 3 daAuts
